 Dungeon Crawl Stone Soup version 0.31.0-11-ge490571c62 (webtiles) character file.

Game seed: 6655861572903836270

72 qw the Shooter (level 4, -2/25 HPs)
             Began as a Deep Elf Hunter on Feb 4, 2024.
             Slain by a cerulean imp
             ... wielding a +0 spear
             ... summoned by Natasha
              (4 damage)
             ... on level 2 of the Dungeon.
             The game lasted 00:00:03 (1178 turns).

qw the Shooter (Deep Elf Hunter)                    Turns: 1178, Time: 00:00:04

Health: -2/25      AC:  3    Str: 10    XL:     4   Next: 6%
Magic:  6/6        EV: 12    Int: 14    God:
Gold:   86         SH:  0    Dex: 18    Spells: 3/3 levels left

rFire   . . .        a - +0 shortbow
rCold   . . .        (shield currently unavailable)
rNeg    . . .        c - +0 leather armour
rPois   .            (no helmet)
rElec   .            (no cloak)
rCorr   +            (no gloves)
SInv    .            (no boots)
Will    .....        (no amulet)
Stlth   ++           e - ring of resist corrosion
HPRegen 0.24/turn    (no ring)
MPRegen 0.10/turn

%: no passive effects
@: no status effects
A: no striking features
a: no special abilities


You were on level 2 of the Dungeon.
You visited 1 branch of the dungeon, and saw 2 of its levels.

You collected 86 gold pieces.


   Skills:
 - Level 1.5 Fighting
 + Level 7.5 Ranged Weapons
 - Level 2.4 Dodging
 - Level 1.2 Stealth


You had 3 spell levels left.
You didn't know any spells.
Your spell library was empty.

Inventory:

Hand Weapons
 a - a +0 shortbow (weapon)
Armour
 c - a +0 leather armour (worn)
 f - a +0 ring mail
Jewellery
 e - a ring of resist corrosion (left hand)
Scrolls
 b - a scroll of teleportation {unknown}
 d - 7 scrolls of identify

Dungeon Overview and Level Annotations

Branches:
Dungeon (2/15)

Altars:

Annotations:
D:2 Natasha


Message History

You shoot an arrow. The arrow hits the ribbon worm.
The ribbon worm is severely wounded.
You shoot an arrow. The arrow hits the ribbon worm.
You kill the ribbon worm!
You see here a ribbon worm corpse.
Found an escape hatch in the floor.
Found a stone staircase leading down.
You open the door.
There is an open door here.
You open the door.
There is an open door here.
There is an open door here.
You see here a hobgoblin skeleton.
Natasha, Servant of Life and Death comes into view.
She is carrying a wand of flame.
Natasha hisses angrily.
Natasha casts a spell at you. You resist with some effort.
You shoot an arrow. The arrow barely misses Natasha.
Natasha stares at you and mumbles some strange words.
The magic dart hits you.
You shoot an arrow. The arrow barely misses Natasha.
Natasha casts a spell.
You shoot an arrow. The arrow closely misses Natasha.
Natasha zaps a wand.
The puff of flame hits you!
You shoot an arrow. The arrow hits the cerulean imp!
The cerulean imp is heavily wounded.
You shoot an arrow.
The arrow hits the cerulean imp but does no damage.
The cerulean imp is heavily wounded.
Natasha zaps a wand.
The puff of flame hits you! The cerulean imp closely misses you.
You shoot an arrow.
The arrow hits the cerulean imp but does no damage.
The cerulean imp is heavily wounded.
The cerulean imp completely misses you.
You shoot an arrow.
The arrow closely misses the cerulean imp.
Natasha howls an incantation.
Natasha glows brightly for a moment.
The cerulean imp hits you from afar with a +0 spear.
You die...

######## #......# #......#
#......# #....########
#....'....... ####....########
################..5h.......#####
..>............#@#####.#.......#
..#####.######.#.%.# #.#.......#
..# #.## #.###.# #.#.......# ..#
#..# #..##.# #.#.......# ..#
##.######....###.###.#####. ..#
#.........................
..######............##.###.######
.............................###
............%..........###.#...##


You could see Natasha and a cerulean imp (summoned).

Vanquished Creatures
  Natasha (D:2)
  An adder (D:2)
  2 dart slugs
  2 ribbon worms (D:2)
  4 bats
  An endoplasm (D:1)
  6 hobgoblins
  2 jackals (D:1)
  2 quokkas (D:1)
  3 ball pythons
  A frilled lizard (D:1)
  2 goblins (D:1)
  2 kobolds (D:1)
  4 rats
33 creatures vanquished.

Notes
Turn   | Place    | Note
-------+----------+-------------------------------------------
     0 | D:1      | qw the Deep Elf Hunter began the quest for the Orb.
     0 | D:1      | Reached XP level 1. HP: 12/12 MP: 3/3
     0 | D:1      | 0 ||| qw: Version: 0.3-a-160-g6735b56
     0 | D:1      | 0 ||| qw: Game counter: 4511
     0 | D:1      | 0 ||| qw: Melee chars always use a shield: true
     0 | D:1      | 0 ||| qw: God list: Okawaru
     0 | D:1      | 0 ||| qw: Allow faded altars: false
     0 | D:1      | 0 ||| qw: Do Orc after clearing Dungeon:15 true
     0 | D:1      | 0 ||| qw: Do second Lair branch before Depths: true
     0 | D:1      | 0 ||| qw: Lair rune preference: random
     0 | D:1      | 0 ||| qw: Goals: Normal
     0 | D:1      | 0 ||| PLANNING D:1-11
   219 | D:1      | Reached XP level 2. HP: 16/16 MP: 4/4
   221 | D:1      | Reached skill level 6 in Ranged Weapons
   689 | D:1      | 689 ||| UPGRADING to ring of resist corrosion.
   690 | D:1      | 690 ||| READING 3 scrolls labelled JEGGANL XOPY.
   691 | D:1      | 691 ||| DROPPING scroll of butterflies.
   719 | D:2      | Reached XP level 3. HP: 10/20 MP: 5/5
   722 | D:2      | HP: 5/20 [poisoned by an adder]
   725 | D:2      | HP: 2/20 [poisoned by an adder]
   863 | D:2      | Noticed Natasha
   870 | D:2      | Killed Natasha
   871 | D:2      | Reached skill level 7 in Ranged Weapons
   894 | D:2      | Reached XP level 4. HP: 25/25 MP: 6/6
  1171 | D:2      | Noticed Natasha
  1176 | D:2      | HP: 1/25 [Natasha/puff of flame (10)]
  1178 | D:2      | Slain by a cerulean imp

Levels and vault maps discovered:
D:1:      evilmike_arrival_hilbert_curve, layout_basic, minmay_unequal
D:2:      layout_basic, minmay_split_cup_small, uniq_natasha

Skill      XL: |  1  2  3 |
---------------+----------+-----
Ranged Weapons | 6 7 |  7.5
Fighting       | |  1.5
Dodging        | |  2.4
Stealth        | |  1.2

Action                     |  1- 3 |  4- 6 || total
---------------------------+-------+-------++-------
   Fire: Shortbow          |    84 |    14 ||    98
    Use: Scroll            |     1 |       ||     1
 Armour: Leather armour    |    15 |     4 ||    19
  Dodge: Dodged            |    19 |     2 ||    21

Table legend:
 A = Non-vault XP
 B = Vault XP
 C = Vault XP percentage of total XP
 D = Non-vault monster count
 E = Vault monster count
 F = Vault count percentage of total count
                 A         B        C        D         E       F
            +---------+---------+-------+---------+---------+-------
      Total |      66 |      37 |  35.9 |      29 |       4 |  12.1
            +---------+---------+-------+---------+---------+-------
        D:1 |      33 |       4 |  10.8 |      20 |       3 |  13.0
        D:2 |      33 |      33 |  50.0 |       9 |       1 |  10.0
            +---------+---------+-------+---------+---------+-------
